 Dungeon Crawl Stone Soup version 0.02-32-ge3bdf778cf (webtiles) character file.

Game seed: 1457823288058962469, levelgen mode: deterministic

409 minicreteconcrete the Priest (level 6, -1/48 HPs) Hill Orc Priest. Began on Sept 4, 2020. Was a Believer of Beogh. Splashed by a jelly's acid (7 damage) ... on level 2 of the Dungeon. The game lasted 00:11:32 (2939 turns).

minicreteconcrete the Priest (Hill Orc Priest)      Turns: 2939, Time: 00:11:34

Health: -1/48      AC: -2    Str: 21    XL:     6 ^: 32
Magic:  9/9        EV:  9    Int: 10    God:    Beogh [2* [74]]
Gold:   79         SH: 10    Dex:  8    Spells: 5/5 levels left

rFire    . . .     Vision   .   c - +2 heater shield {AC+3}
rCold    . . .     Gourm    .     - Unarmed
rNeg     . . .     Faith    .   d - +0 scale mail
rPois    .         Spirit   .   (no helmet)
rElec    .         Reflect  .   (no cloak)
rCorr    .         Harm     .   (no gloves)
MR       .....                  (no boots)
Stlth    ..........             (no amulet)
HPRegen  0.26/turn              (no ring)
MPRegen  0.19/turn              (no ring)

@: corroded
A: no striking features
a: Smiting, Renounce Religion


You were on level 2 of the Dungeon.
You worshipped Beogh.
Beogh was pleased with you.
You were hungry.

You visited 1 branch of the dungeon, and saw 2 of its levels.
You also visited: Temple.

You collected 79 gold pieces.

Inventory:

Weapons
 k - a +0 hunting sling Shields
 c - a +2 heater shield of protection (shield)
 p - a +0 buckler
Armour
 a - a +0 robe
 d - a +0 scale mail (worn)
Jewellery
 e - a cursed ring of wizardry {(Curse: MR-)}
 g - an uncursed amulet of harm
Scrolls
 h - a scroll of fear
 l - a scroll of fog
 m - 2 scrolls of magic mapping
Potions
 f - a potion of ambrosia
 i - a potion of invisibility
Comestibles
 b - 6 rations


   Skills:
 + Level 2.1 Fighting
 + Level 3.7 Armour
 + Level 2.6 Dodging
 - Level 1.5 Stealth
 + Level 4.2 Shields
 - Level 4.1 Unarmed Combat
 - Level 4.8 Invocations


You had 5 spell levels left.
You didn't know any spells.
Your spell library was empty.

Dungeon Overview and Level Annotations

Branches:
Dungeon (2/8)

Altars:
Cheibriados


Message History

You hit the jelly (2).
Your hands burn!
The jelly is almost dead. (2/16) HP You block the jelly's attack.
You hit the jelly but do no damage.
Your hands burn!
The jelly is almost dead. (2/16) HP You hit the jelly but do no damage.
Your hands burn!
The jelly is almost dead. (2/16) HP The jelly hits you (1).
You are splashed with acid (10)!
* * * LOW HITPOINT WARNING * * *
You hit the jelly but do no damage.
Your hands burn!
* * * LOW HITPOINT WARNING * * *
The jelly is almost dead. (2/16) HP Unknown command.
You hit the jelly but do no damage.
Your hands burn!
* * * LOW HITPOINT WARNING * * *
The jelly is almost dead. (2/16) HP The jelly hits you (1).
* * * LOW HITPOINT WARNING * * *
The acid corrodes you!
You are splashed with acid (7)!
You die...

≈≈ ≈≈≈.... ≈# #### ##.#..##.
≈≈≈≈≈≈≈ ≈##..≈# #.≈...≈.≈
#≈≈b≈.... ≈#≈≈# ##......##
.≈≈≈..≈≈. ≈.##
##≈.....≈≈####....≈≈≈. ≈#.##
#≈........##≈#.≈≈≈≈≈≈≈
≈#≈≈###≈.......÷#..#.≈≈≈b≈≈.
≈###.≈##.......#J....≈≈≈≈≈≈.
≈# ##.≈.......≈#@....≈≈≈≈≈≈.
≈# ##..≈.....######.≈≈≈≈≈≈.
.# #####....##).≈##.≈≈≈≈≈≈.
≈####...####≈#.≈.###.≈≈≈≈≈≈b
≈##≈.≈.≈#≈≈..≈.###.#.≈≈≈≈≈≈.
≈#.≈.#.≈##...≈##.≈≈#.≈...≈≈.
≈...###.≈..####≈.≈##≈..≈..≈.
≈≈#≈.≈##.†##≈##≈.###.≈≈≈≈.≈.
≈###..≈#≈.#.÷.≈.≈# #≈≈≈;≈..≈


You could see a jelly.

Vanquished Creatures
  A big kobold (D:2)
  2 jellies (D:2)
  3 adders (D:2)
  17 sewer rats (D:2)
  A worm (D:2)
  8 cinder newts
  An ooze (D:2)
  A dart slug (D:2)
  3 leopard geckos
  A cinder newt skeleton (D:2)
  4 giant cockroaches
  5 goblins (D:1)
  2 hobgoblins (D:1)
  5 bats (D:1)
  A goblin skeleton (D:2)
  2 kobolds (D:1)
  A leopard gecko skeleton (D:2)
  4 rats
62 creatures vanquished.

Vanquished Creatures (others)
  3 jellies (D:2)
  An adder (D:2)
  23 sewer rats (D:2)
  3 oozes (D:2)
  A leopard gecko (D:2)
  A ball python (D:2)
  A bat (D:1)
  A goblin (D:1)
  5 kobolds (D:2)
  A ball python skeleton (D:2)
  3 bat skeletons (D:2)
  A hobgoblin skeleton (D:2)
  8 giant blowflies (D:2)
  20 plants (D:1)
  A slimehead (D:2)
  90 withered plants (D:2)
163 creatures vanquished.

Grand Total: 225 creatures vanquished

Notes
Turn   | Place    | Note
-------+----------+-------------------------------------------
     0 | Start Te | minicreteconcrete the Hill Orc Priest began the quest for
                  | the Orb.
     0 | Start Te | Reached XP level 1. HP: 14/14 MP: 3/3
     0 | Start Te | Found a sparkling altar of Nemelex Xobeh.
     1 | Start Te | Found a white marble altar of Elyvilon.
     1 | Start Te | Found a basalt altar of Yredelemnul.
     2 | Start Te | Found an iron altar of Okawaru.
     3 | Start Te | Became a worshipper of Beogh the Brigand
     3 | Start Te | Reached * piety under Beogh
     3 | Start Te | Reached ** piety under Beogh
     4 | Start Te | Found a glowing silver altar of Zin.
     4 | Start Te | Found a blossoming altar of Fedhas.
     5 | Start Te | Found a stormy altar of Qazlal.
     6 | Start Te | Found a glowing golden altar of the Shining One.
     6 | Start Te | Found an opulent altar of Gozag.
     7 | Start Te | Found a sacrificial altar of Ru.
     8 | Start Te | Found a faded altar of an unknown god.
     8 | Start Te | Found a hazy altar of Hepliaklqana.
   103 | D:1      | Reached XP level 2. HP: 11/20 MP: 5/5
   471 | D:1      | Reached XP level 3. HP: 26/26 MP: 6/6
   559 | D:1      | Reached skill level 1 in Shields
  1044 | D:2      | Reached skill level 1 in Armour
  1152 | D:2      | Reached XP level 4. HP: 19/34 MP: 7/7
  1427 | D:2      | Found a snail-covered altar of Cheibriados.
  1483 | D:2      | Reached skill level 1 in Fighting
  1483 | D:2      | Reached XP level 5. HP: 24/40 MP: 8/8
  1493 | D:2      | HP: 2/60 [sewer rat (8)]
  2044 | D:2      | Reached XP level 6. HP: 20/48 MP: 9/9
  2939 | D:2      | Splashed by a jelly's acid

Levels and vault maps discovered:
D:1:      lemuel_arrival_behind_the_door_large, layout_cave_pools, serial_bayou,
          serial_bayou_lagoon_a, serial_bayou_pond_e, serial_bayou_crossing,
          serial_bayou_pond_c
D:2:      layout_sewer, kennysheep_slug_shrine, first_ration, uniq_natasha,
          uniq_sigmund

Skill      XL: |  1  2  3  4  5  6 |
---------------+-------------------+-----
Unarmed Combat | 4 |  4.1
Shields        | 1 2 3 4 |  4.2
Armour         | 1 2 3 |  3.7
Dodging        | 2 |  2.6
Fighting       | 1 2 |  2.1
Stealth        | |  1.5
Invocations    | |  4.8

Action                   |  1- 3 |  4- 6 || total
-------------------------+-------+-------++-------
Melee: Unarmed           |   321 |   642 ||   963
Invok: Smiting           |       |     3 ||     3
  Use: Potion            |       |     4 ||     4
  Eat: Chunk             |     1 |     6 ||     7
Armor: Scale mail        |    89 |   104 ||   193
Dodge: Dodged            |    77 |    89 ||   166
Block: Heater shield     |   131 |   157 ||   288
